AoeStats
← gob b

Arena

505728439Analyzed
4v4 RM · 21d ago on Sep 10, 2026· 46m 5s· 8 players
Game mode
Random Map
Map size
Large (8 player)
Population
200
Speed
Normal
Resources
Standard
Victory
Conquest
Starting age
Dark Age
Ending age
Imperial Age
RankedLock teamsTeams togetherTeam positionsShared explorationLock speedFull tech treeHidden civsTurbo modeCheats
Victory
Defeat
🇪🇸 Huns · Spain
1131
+13
🇪🇸 Goths · Spain
1118
+14
🇪🇸 Italians · Spain
1118
+14
🇪🇸 Burgundians · Spain
1118
+14
🇺🇸 Goths · United States
1113
-15
🇮🇳 Burgundians · India
1084
-14
🇮🇹 Bohemians · Italy
1051
-13
🇧🇪 Lithuanians · Belgium
1043
-13
wallacebru
10:12 Loom
13:18 Feudal Age
19:28 Castle Age
20:34 Double-Bit Axe
21:32 Fervor
23:26 Sanctity
25:48 Wheelbarrow
25:35 Bow Saw
30:33 Chemistry
30:55 Padded Archer Armor
30:46 Fletching
34:25 Imperial Age
39:25 Houfnice
44:21 Conscription
Zomberx
11:21 Feudal Age
16:05 Castle Age
14:33 Double-Bit Axe
15:43 Gold Mining
17:21 Bow Saw
17:24 Forging
21:25 Horse Collar
23:55 Stone Mining
24:42 Iron Casting
26:41 Bloodlines
26:36 Husbandry
29:00 Loom
29:51 Wheelbarrow
28:42 Elite Skirmisher
32:46 Imperial Age
33:31 Thumb Ring
34:30 Fletching
34:28 Elite Leitis
35:31 Bodkin Arrow
36:20 Heavy Plow
36:36 Town Watch
39:31 Conscription
40:11 Scale Barding Armor
42:00 Crop Rotation
41:37 Cavalier
43:05 Chain Barding Armor
43:07 Paladin
gob b
7:43 Double-Bit Axe
7:39 Horse Collar
10:55 Wheelbarrow
12:20 Feudal Age
16:39 Castle Age
14:57 Bow Saw
15:19 Heavy Plow
15:44 Gold Mining
17:00 Forging
18:31 Two-Man Saw
25:28 Hand Cart
28:20 Imperial Age
26:12 Stone Mining
29:47 Iron Casting
29:17 Scale Barding Armor
30:28 Crop Rotation
29:22 Cavalier
30:04 Husbandry
31:33 Blast Furnace
31:43 Conscription
31:32 Burgundian Vineyards
30:49 Paladin
32:09 Loom
33:55 Chain Barding Armor
34:39 Chemistry
34:00 Ballistics
37:09 Plate Barding Armor
36:39 Murder Holes
36:11 Light Cavalry
37:40 Town Watch
mattmcneil9
0:26 Loom
10:03 Feudal Age
14:07 Castle Age
12:46 Horse Collar
13:00 Double-Bit Axe
15:31 Wheelbarrow
15:37 Bow Saw
15:33 Heavy Plow
21:37 Hand Cart
21:31 Man-at-Arms
22:30 Gold Mining
22:15 Long Swordsman
23:03 Stone Mining
25:16 Scale Mail Armor
31:33 Imperial Age
29:23 Chain Mail Armor
29:29 Squires
29:41 Forging
29:53 Anarchy
31:32 Iron Casting
32:03 Elite Huskarl
32:46 Perfusion
32:06 Elite Huskarl
34:50 Blast Furnace
34:28 Capped Ram
36:14 Chemistry
36:07 Guilds
35:22 Onager
37:14 Conscription
36:25 Sappers
39:19 Pikeman
40:20 Halberdier
argantonio65
10:13 Feudal Age
11:51 Forging
12:03 Double-Bit Axe
14:27 Loom
18:32 Castle Age
24:00 Imperial Age
22:50 Scale Mail Armor
22:54 Squires
23:04 Pikeman
24:29 Chain Mail Armor
25:01 Iron Casting
29:02 Blast Furnace
28:23 Halberdier
39:43 Perfusion
47:31 Chemistry
Artema2525
11:16 Feudal Age
15:23 Fletching
20:39 Castle Age
21:45 Double-Bit Axe
22:29 Horse Collar
30:14 Imperial Age
28:48 Scale Barding Armor
30:18 Husbandry
30:29 Bloodlines
32:01 Chemistry
30:34 Light Cavalry
31:39 Chain Barding Armor
34:02 Fortified Wall
36:27 Hussar
37:45 Plate Barding Armor
37:21 Forging
41:05 Iron Casting
42:45 Padded Archer Armor
43:49 Blast Furnace
Aurelius
10:43 Feudal Age
11:21 Horse Collar
18:30 Castle Age
17:35 Double-Bit Axe
17:46 Gold Mining
19:22 Heavy Plow
19:34 Bow Saw
22:35 Wheelbarrow
23:32 Hand Cart
25:24 Stone Mining
30:02 Imperial Age
29:31 Bloodlines
29:22 Husbandry
29:31 Scale Barding Armor
29:37 Forging
29:41 Marauders
30:44 Chain Barding Armor
31:55 Iron Casting
31:30 Elite Tarkan
34:29 Plate Barding Armor
35:40 Conscription
36:41 Blast Furnace
Osorkon
11:05 Feudal Age
16:40 Castle Age
16:47 Double-Bit Axe
16:45 Horse Collar
17:51 Coinage
18:18 Gold Mining
22:18 Wheelbarrow
28:17 Bow Saw
28:51 Heavy Plow
32:44 Hand Cart
37:30 Crop Rotation
37:15 Fortified Wall
39:38 Burgundian Vineyards
Connection lost

Rejoining the realm…

Still unreachable

The connection could not be restored.

Session expired

The server has moved on; the page needs a fresh start.